 Dungeon Crawl Stone Soup version 0.29.1-13-g9f3cf754e1 (webtiles) character file.

Game seed: 16454313877961074496

2303 nikirochi the Covert (level 9, -1/49 (59) HPs)
             Began as an Octopode Brigand on Jan 30, 2023.
             Was an Initiate of Gozag.
             Engulfed by a steam dragon's steam (8 damage)
             ... on level 7 of the Dungeon.
             The game lasted 00:17:25 (3539 turns).

nikirochi the Covert (Octopode Brigand)             Turns: 3539, Time: 00:17:26

HP:   -1/49 (59)    AC:  1    Str: 10    XL:     9   Next: 40%
MP:   9/9           EV: 13    Int: 20    God:    Gozag
Gold: 278           SH:  0    Dex: 17    Spells: 8/8 levels left

rFire   . . .      SeeInvis .   a - +2 dagger
rCold   . . .      Faith    .   (no shield)
rNeg    + . .      Spirit   .   (helmet restricted)
rPois   .          Reflect  .   i - amulet of regeneration
rElec   .          Harm     .   x - ring of positive energy
rCorr   +          Rampage  .   B - ring of resist corrosion
Will    .....                   C - +6 ring of intelligence
Stlth   ++++++....              (no ring)
HPRegen 0.96/turn               (no ring)
MPRegen 0.11/turn               (no ring)
                                (no ring)
                                (no ring)

@: heavily drained
A: almost no armour, amphibious, 8 rings, camouflage 1, gelatinous body 1,
(nimble swimmer 1), tentacles
a: Renounce Religion, Potion Petition, Call Merchant, Bribe Branch


You were on level 7 of the Dungeon.
You worshipped Gozag.
Gozag was aware of your devotion.
You visited 2 branches of the dungeon, and saw 8 of its levels.
You also visited: Sewer.

You collected 907 gold pieces.
You spent 90 gold pieces at shops.
You paid 539 gold pieces to Gozag.

Inventory:

Hand Weapons
 a - a +2 dagger (weapon)
 w - a +0 dagger of draining
Missiles
 b - 8 poisoned darts (quivered)
Jewellery
 i - an amulet of regeneration (around mantle)
 m - an amulet of faith
 x - a ring of positive energy (left tentacle)
 B - a ring of resist corrosion (right tentacle)
 C - a +6 ring of intelligence (on tentacle)
Scrolls
 c - 3 scrolls of enchant armour
 e - 3 scrolls of identify
 f - a scroll of blinking {unknown}
 g - a scroll of poison
 h - a scroll of magic mapping {unknown}
 j - 2 scrolls of butterflies {unknown}
 k - 2 scrolls of fear {unknown}
 l - a scroll of vulnerability {unknown}
 p - a scroll of torment {unknown}
 q - 2 scrolls of enchant weapon {unknown}
 u - a scroll of amnesia {unknown}
 y - a scroll of summoning {unknown}
Potions
 d - a potion of magic {unknown}
 n - a potion of invisibility
 o - 2 potions of brilliance {unknown}
 r - a potion of degeneration {unknown}
 t - a potion of might {unknown}
 v - 2 potions of ambrosia {unknown}
 z - a potion of lignification {unknown}


   Skills:
 + Level 4.7 Fighting
 + Level 6.5 Short Blades
 + Level 4.9 Throwing
 - Level 1.0 Dodging
 + Level 12.8 Stealth
 - Level 1.0 Evocations


You had 8 spell levels left.
You didn't know any spells.
Your spell library contained the following spells:

 Spells                   Type           Power      Damage    Failure   Level
 Foxfire                  Conj/Fire      0%         2x1d4     19%         1
 Blink                    Tloc           0%         N/A       28%         2
 Conjure Flame            Conj/Fire      0%         6-21      50%         3
 Inner Flame              Hex/Fire       0%         N/A       50%         3
 Lesser Beckoning         Tloc           0%         N/A       50%         3
 Ozocubu's Armour         Ice            0%         N/A       50%         3
 Cause Fear               Hex            0%         N/A       88%         4
 Flame Wave               Conj/Fire      0%         2d4       88%         4
 Freezing Cloud           Conj/Ice/Air   0%         6-21      99%         5
 Manifold Assault         Tloc           0%         N/A       99%         5
 Metabolic Englaciation   Hex/Ice        0%         N/A       99%         5
 Dragon Form              Tmut           0%         N/A       100%        7
 Dragon's Call            Summ           0%         N/A       100%        9
 Polar Vortex             Ice            0%         N/A       100%        9
 Simulacrum               Ice/Necr       Unusable   N/A       N/A         6

Dungeon Overview and Level Annotations

Branches:
Dungeon (7/15)             Temple (1/1) D:5           Sewer (visited)

Altars:
Ashenzari
Gozag
Hepliaklqana
Makhleb
Nemelex Xobeh
Qazlal
Trog
Yredelemnul
Zin
The Shining One

Shops:
D:6 :

Annotations:
D:5 2 transporters, MinkTDR's ghost, novice KoEn


Innate Abilities, Weirdness & Mutations

You cannot wear most types of armour.
You are amphibious.
You can wear up to eight rings at the same time.
Your skin changes colour to match your surroundings (Stealth+).
Your rubbery body absorbs attacks. (AC +1, EV +1)
((You are camouflaged when in or above water. (Stealth+)))
You have tentacles for arms and can constrict up to eight enemies at once.


Message History

Aim: a steam dragon (heavily wounded, poisoned, slow, catching its breath, 64% to hit)
You throw a poisoned dart.
The poisoned dart hits the steam dragon!
The steam dragon looks even sicker.
The steam dragon is heavily wounded.
You are engulfed in a cloud of scalding steam.
Throw: 12 darts (poison)
Press: ? - help, Q - select action, (/) - cycle Shift-Dir - straight line, f/p - steam dragon
Aim: a steam dragon (heavily wounded, very poisoned, slow, catching its breath, 64% to hit)
You throw a poisoned dart.
The poisoned dart hits the steam dragon!
The steam dragon looks as sick as possible!
The steam dragon is heavily wounded.
Throw: 11 darts (poison)
Press: ? - help, Q - select action, (/) - cycle Shift-Dir - straight line, f/p - steam dragon
Aim: a steam dragon (heavily wounded, extremely poisoned, slow, catching its breath, 64% to hit)
You throw a poisoned dart.
The poisoned dart hits the steam dragon!
The steam dragon looks as sick as possible!
The steam dragon is heavily wounded.
Throw: 10 darts (poison)
Press: ? - help, Q - select action, (/) - cycle Shift-Dir - straight line, f/p - steam dragon
Aim: a steam dragon (severely wounded, extremely poisoned, slow, 64% to hit)
You throw a poisoned dart.
The poisoned dart hits the steam dragon.
The steam dragon looks as sick as possible!
The steam dragon is severely wounded.
The steam dragon breathes steam at you. The ball of steam hits you!!
* * * LOW HITPOINT WARNING * * *
Throw: 9 darts (poison)
Press: ? - help, Q - select action, (/) - cycle Shift-Dir - straight line, f/p - steam dragon
Aim: a steam dragon (steam, almost dead, extremely poisoned, slow, catching its breath, 64% to hit)
You throw a poisoned dart.
The poisoned dart hits the steam dragon!
The steam dragon looks as sick as possible!
The steam dragon is almost dead.
You are engulfed in a cloud of scalding steam.
You die...
Your body crumbles into a pile of gold.

##.#.....##.....###..###
####..<####..∩.._⌠#....#
###....##
###.....###....## .......
#.#......#......#
.....####......#........#
#..#.......#...####...#
#(...........### ##..#
#......(..§§§....## #.##
#..##...(.D.§@§§..# ###
....# #>..#.§§§....##
...#####...####......# #.
#......## ##.##..###
#..........# ####.....##
...........####.........#
#..........#............#
#...............#.......##
...............##.........


You could see a steam dragon (extremely poisoned, slow, catching breath).

Vanquished Creatures
  2 steam dragons (D:6)
  Edmund (D:4)
  A water moccasin (D:7)
  Duvessa (D:6)
  2 black bears (D:6)
  A sky beast (D:6)
  A centaur (D:6)
  A phantom (D:5)
  3 kobold brigands (Sewer)
  2 bullfrogs
  2 scorpions
  A gnoll sergeant (D:7)
  Dowan (D:6)
  A howler monkey (D:6)
  2 hounds
  2 jellies (D:6)
  3 orc priests
  7 iguanas
  4 orc wizards
  5 adders
  4 gnolls (D:7)
  A shadow imp (D:6)
  2 white imps
  An ufetubus (D:6)
  4 worms
  20 orcs
  5 endoplasms
  A giant cockroach (D:4)
  3 goblins
  4 hobgoblins (D:4)
  4 quokkas
  8 ball pythons
  A bat (D:2)
  6 frilled lizards (D:6)
  14 kobolds
  6 rats
127 creatures vanquished.

Vanquished Creatures (others)
  An ufetubus (D:6)
  16 plants
17 creatures vanquished.

Grand Total: 144 creatures vanquished

Notes
Turn   | Place    | Note
-------+----------+-------------------------------------------
     0 | D:1      | nikirochi the Octopode Brigand began the quest for the Orb.
     0 | D:1      | Reached XP level 1. HP: 14/14 MP: 1/1
   124 | D:2      | Reached XP level 2. HP: 19/19 MP: 2/2
   152 | D:2      | Reached skill level 6 in Stealth
   358 | D:4      | Noticed Edmund
   373 | D:4      | Killed Edmund
   374 | D:4      | Reached skill level 7 in Stealth
   374 | D:4      | Reached XP level 3. HP: 24/24 MP: 3/3
   374 | D:4      | Reached XP level 4. HP: 29/29 MP: 4/4
   374 | D:4      | Reached XP level 5. HP: 34/34 MP: 5/5
   777 | D:4      | Reached skill level 8 in Stealth
   788 | D:4      | Found a basalt altar of Yredelemnul.
   844 | D:4      | Reached XP level 6. HP: 13/41 MP: 6/6
   873 | D:4      | You fall into a shaft and drop 1 floor!
   873 | D:5      | Entered Level 5 of the Dungeon
   975 | D:5      | Found a staircase to the Ecumenical Temple.
   982 | D:5      | Reached skill level 9 in Stealth
   986 | Temple   | Entered the Ecumenical Temple
  1004 | Temple   | Became a worshipper of Gozag Ym Sagoz the Greedy
  1037 | D:4      | HP: 1/41 [hound (5)]
  1062 | D:4      | Reached skill level 1 in Evocations
  1187 | D:5      | Reached XP level 7. HP: 46/46 MP: 7/7
  1273 | D:5      | Identified the +8 trident of Action {venom, rElec}
  1273 | D:5      | Identified the +1 buckler of an ice cave {rF+}
  1335 | D:5      | Found a transporter.
  1343 | D:5      | Found a transporter.
  1344 | D:5      | Noticed MinkTDR's ghost (novice KoEn)
  1597 | D:6      | Found a glowing drain.
  1630 | Sewer    | Entered a sewer
  1707 | Sewer    | Reached skill level 10 in Stealth
  1925 | Sewer    | Reached XP level 8. HP: 51/52 MP: 8/8
  1942 | Sewer    | Reached skill level 5 in Short Blades
  2112 | D:6      | Found Plog's Book Emporium.
  2250 | D:6      | Reached skill level 11 in Stealth
  2343 | D:6      | Noticed Duvessa
  2346 | D:6      | Noticed Dowan
  2353 | D:6      | Killed Dowan
  2360 | D:6      | Killed Duvessa
  2491 | D:6      | Found a broken altar of Ashenzari.
  2508 | D:6      | Found a sparkling altar of Nemelex Xobeh.
  2515 | D:6      | Reached skill level 12 in Stealth
  2671 | D:6      | Reached XP level 9. HP: 30/58 MP: 9/9
  3447 | D:7      | Found Zin's Purification Station.
  3447 | D:7      | Found a glowing silver altar of Zin.
  3456 | D:7      | Bought a potion of curing for 90 gold pieces
  3539 | D:7      | Engulfed by a steam dragon's steam

Illustrated notes

Levels and vault maps discovered:
D:1:      ncdulo_watergridlock, layout_loops_ring, serial_park_tiny_pond
D:2:      layout_loops_ring, chequers_ecumenical_altar_island, basic_altar,
          kennysheep_path_1
D:3:      layout_loops_cross, serial_shops, shop_statue,
          minmay_misc_feat_four_crosses
D:4:      layout_basic, lemuel_coloured_pillars_altar, uniq_edmund
D:5:      layout_rooms, minmay_temple_entry_antechambers,
          gammafunk_ghost_gnarly_gnolls
D:6:      layout_cave_pods, mainiacjoe_overflow_large_starburst, serial_shops,
          shop, gup_sewer_entry_spiral, corexii_corridor_pit,
          minmay_lizard_king, uniq_duvessa
D:7:      layout_cave_pools, zin_purify, minmay_crystal_water
Temple:   nicolae_temple_bog_church

Skill      XL: |  1  2  3  4  5  6  7  8 |
---------------+-------------------------+-----
Stealth        | 7 8 9 10 12 | 12.8
Short Blades   | 3 4 6 |  6.5
Evocations     | 1 |  1.0
Fighting       | 3 4 |  4.7
Throwing       | 4 |  4.9
Dodging        | |  1.0

Action                   |  1- 3 |  4- 6 |  7- 9 || total
-------------------------+-------+-------+-------++-------
Melee: Dagger            |    28 |    78 |   257 ||   363
       Constrict         |     4 |    18 |    35 ||    57
       Tentacles         |     3 |    19 |    54 ||    76
       Punch             |       |     3 |     7 ||    10
Throw: Dart              |     3 |     3 |    62 ||    68
       Throwing net      |       |       |     3 ||     3
Invok: Potion Petition   |       |       |     2 ||     2
Evoke: Wand              |     4 |     1 |     4 ||     9
  Use: Potion            |       |     2 |     8 ||    10
       Scroll            |       |       |     4 ||     4
 Stab: Sleeping          |     9 |     4 |    19 ||    32
       Invisible         |       |       |     3 ||     3
Armor: Skin              |       |     4 |     9 ||    13
Dodge: Dodged            |    12 |    42 |   109 ||   163
